 Dungeon Crawl Stone Soup version 0.29.1-12-g30fa7ad0bf (webtiles) character file.

Game seed: 15704569881180258323

28 suse60 the Charlatan (level 3, 0/29 HPs)
             Began as a Human Artificer on Dec 16, 2022.
             Slain by an adder (3 damage)
             ... on level 2 of the Dungeon.
             The game lasted 00:06:39 (1707 turns).

suse60 the Charlatan (Human Artificer)              Turns: 1707, Time: 00:06:39

Health: 0/29       AC:  3    Str: 14    XL:     3   Next: 30%
Magic:  3/3        EV: 11    Int: 11    God:
Gold:   53         SH:  0    Dex: 13    Spells: 2/2 levels left

rFire   . . .      SeeInvis +   l - +2 whip (pain)
rCold   . . .      Faith    .   (no shield)
rNeg    . . .      Spirit   .   b - +0 leather armour
rPois   .          Reflect  .   (no helmet)
rElec   .          Harm     .   (no cloak)
rCorr   .          Rampage  .   (no gloves)
Will    .....                   (no boots)
Stlth   +.........              (no amulet)
HPRegen 0.09/turn               g - ring of see invisible
MPRegen 0.08/turn               (no ring)

@: no status effects
A: no striking features
a: no special abilities


You were on level 2 of the Dungeon.
You visited 1 branch of the dungeon, and saw 2 of its levels.

You collected 53 gold pieces.

Inventory:

Hand Weapons
 i - a +0 sling
 l - a +2 whip of pain (weapon)
Armour
 b - a +0 leather armour (worn)
Jewellery
 g - a ring of see invisible (left hand)
Wands
 c - a wand of flame (6) (quivered)
 d - a wand of charming (15)
 e - a wand of iceblast (5)
Potions
 f - a potion of invisibility {unknown}
 h - 3 potions of might {unknown}
 j - a potion of curing {unknown}
 k - a potion of haste {unknown}


   Skills:
 + Level 3.0 Fighting
 - Level 2.0 Armour
 - Level 1.0 Dodging
 - Level 1.0 Stealth
 - Level 3.0 Evocations


You had 2 spell levels left.
You didn't know any spells.
Your spell library contained the following spells:

 Spells                   Type           Power      Damage    Failure   Level
 Confusing Touch          Hex            0%         N/A       78%         3
 Yara's Violent Unravell  Hex/Tmut       0%         3d3       100%        5
 Enfeeble                 Hex            0%         N/A       100%        7


Dungeon Overview and Level Annotations

Branches:
Dungeon (2/15)

Altars:


Message History

You hit the hobgoblin.
You kill the hobgoblin!
You hit the adder.
The adder is lightly wounded.
The adder barely misses you. The adder bites you.
You hit the adder.
The adder is heavily wounded.
The adder closely misses you.
You barely miss the adder.
The adder is heavily wounded.
The adder bites you.
You are poisoned.
The adder poisons you! The adder closely misses you.
You barely miss the adder.
The adder is heavily wounded.
You feel sick. The adder bites you.
You closely miss the adder.
The adder is heavily wounded.
You feel sick. The adder bites you. The adder misses you.
You barely miss the adder.
The adder is heavily wounded.
You feel sick.
You are no longer poisoned.
The adder bites you.
You hit the adder.
The adder is heavily wounded.
The adder closely misses you.
You hit the adder.
The adder is severely wounded.
The adder bites you.
* * * LOW HITPOINT WARNING * * *
The adder bites you.
* * * LOW HITPOINT WARNING * * *
You barely miss the adder.
The adder is severely wounded.
The adder misses you.
You miss the adder.
The adder is severely wounded.
The adder misses you. The adder bites you.
You die...

..... .... ###
...# . .. !..##
..####.#.... .
..........##..#
...............
......S@......#
..####.#####.##
... ####


You could see an adder.

Vanquished Creatures
  4 endoplasms (D:1)
  2 giant cockroaches (D:1)
  2 goblins (D:1)
  6 hobgoblins
  2 jackals (D:1)
  2 ball pythons (D:1)
  A bat (D:1)
  A frilled lizard (D:1)
  3 kobolds (D:1)
  A rat (D:1)
24 creatures vanquished.

Notes
Turn   | Place    | Note
-------+----------+-------------------------------------------
     0 | D:1      | suse60 the Human Artificer began the quest for the Orb.
     0 | D:1      | Reached XP level 1. HP: 15/15 MP: 1/1
   428 | D:1      | Reached XP level 2. HP: 14/22 MP: 2/2
  1208 | D:1      | Reached XP level 3. HP: 22/28 MP: 3/3
  1707 | D:2      | Slain by an adder

Illustrated notes

Levels and vault maps discovered:
D:1:      dpeg_arrival_another_circle, layout_basic, chequers_mini_garden
D:2:      layout_loops_cross, ebering_ecumenical_altar_box, uniq_robin,
          uniq_sigmund

Skill      XL: |  1  2  3 |
---------------+----------+-----
Fighting       | 2 3 |  3.0
Armour         | |  2.0
Dodging        | |  1.0
Stealth        | |  1.0
Evocations     | |  3.0

Action                   || total
-------------------------++-------
Melee: Club              ||    60
       Punch             ||     1
       Whip              ||    11
 Fire: Sling             ||    14
Evoke: Wand              ||     9
  Use: Scroll            ||     1
Armor: Leather armour    ||    20
Dodge: Dodged            ||    71
